 Dungeon Crawl Stone Soup version 0.28.0-47-ge53b351184 (webtiles) character file.

Game seed: 6385983925224611387

441 Bruhh the Changer (level 6, -4/47 HPs)
             Began as a Draconian Transmuter on Apr 30, 2022.
             Slain by a gnoll
             ... wielding a +0 halberd
              (6 damage)
             ... on level 3 of the Dungeon.
             The game lasted 00:03:47 (2880 turns).

Bruhh the Changer (Draconian Transmuter)            Turns: 2880, Time: 00:03:48

Health: -4/47      AC:  6    Str: 12    XL:     6   Next: 70%
Magic:  12/12      EV: 12    Int: 16    God:
Gold:   93         SH:  0    Dex: 11    Spells: 7/13 levels left

rFire   . . .      SeeInvis .   b - +3 dagger (drain)
rCold   . . .      Faith    .   (no shield)
rNeg    . . .      Spirit   .   (armour unavailable)
rPois   .          Reflect  .   (helmet restricted)
rElec   .          Harm     .   (no cloak)
rCorr   .          Rampage  .   (no gloves)
Will    .....                   (no boots)
Stlth   +.........              (no amulet)
HPRegen 0.15/turn               (no ring)
MPRegen 0.13/turn               (no ring)

@: no status effects
A: AC +6, unfitting armour, cold-blooded
a: no special abilities


You were on level 3 of the Dungeon.
You visited 1 branch of the dungeon, and saw 3 of its levels.

You collected 93 gold pieces.

Inventory:

Hand Weapons
 b - a +3 dagger of draining (weapon)
Jewellery
 e - a ring of willpower
 f - the ring of Keihev {rF+ Slay+4}
   (You found it on level 2 of the Dungeon)

   [ring of slaying]

   Slay:      It affects your accuracy & damage with ranged weapons and melee
   (+4).
   rF:        It protects you from fire.
Scrolls
 a - a scroll of fear {unknown}
 g - a scroll of amnesia {unknown}
 j - a scroll of identify {unknown}
Potions
 c - a potion of ambrosia {unknown}
 d - 2 potions of curing {unknown}
 h - a potion of might
 i - a potion of mutation {unknown}
 k - 2 potions of attraction {unknown}


   Skills:
 - Level 1.1 Fighting
 - Level 1.7 Dodging
 + Level 3.3 Unarmed Combat
 - Level 4.0 Spellcasting
 - Level 6.0 Transmutations


You had 7 spell levels left.
You knew the following spells:

 Your Spells              Type           Power      Damage    Failure   Level
a - Beastly Appendage     Tmut           44%        N/A       1%          1
b - Wereblood             Tmut           22%        N/A       2%          2
c - Spider Form           Tmut/Pois      12%        N/A       14%         3

Your spell library contained the following spells:

 Spells                   Type           Power      Damage    Failure   Level
 Ignite Poison            Fire/Tmut/Pois 9%         N/A       22%         3
 Ice Form                 Ice/Tmut       12%        N/A       43%         4
 Conjure Flame            Conj/Fire      3%         6-21      45%         3
 Sticky Flame             Conj/Fire      3%         2d3       86%         4


Dungeon Overview and Level Annotations

Branches:
Dungeon (3/15)

Altars:


Innate Abilities, Weirdness & Mutations

Your plain brown scales are hard. (AC +6)
You cannot fit into any form of body armour.
You are cold-blooded and may be slowed by cold attacks.


Message History

The gnoll throws a throwing net.
The throwing net closely misses you.
The gnoll hits you from afar with a +2 halberd of protection!
Your horns disappear.
Your talons disappear.
The gnoll completely misses you. The gnoll hits you with a +0 club.
The gnoll completely misses you.
You closely miss the gnoll. The gnoll hits you but does no damage.
The gnoll shaman calls upon its god to speed up the gnoll.
The gnoll seems to speed up.
You barely miss the gnoll. The gnoll closely misses you.
The gnoll hits you with a +0 club.
The gnoll shaman calls upon its god to speed up the gnoll.
The gnoll seems to speed up.
You hit the gnoll. You drain the gnoll.
The gnoll is severely wounded.
The gnoll closely misses you.
You barely miss the gnoll. You tail-slap the gnoll.
The gnoll is severely wounded.
The gnoll misses you. The gnoll barely misses you.
The gnoll hits you with a +0 club.
The gnoll shaman calls upon its god to heal the gnoll.
The gnoll is healed somewhat.
The gnoll closely misses you.
The gnoll shaman calls upon its god to speed up something.
The gnoll hits you from afar with a +0 spear!
The gnoll hits you from afar with a +0 spear.
* * * LOW HITPOINT WARNING * * *
The gnoll barely misses you.
A goblin comes into view. It is wielding a +0 dagger.
The gnoll hits you but does no damage.
The gnoll hits you from afar with a +2 halberd of protection.
* * * LOW HITPOINT WARNING * * *
The gnoll barely misses you.
The goblin shouts!
Okay, then.
The gnoll hits you with a +0 whip.
* * * LOW HITPOINT WARNING * * *
The gnoll completely misses you.
The gnoll hits you from afar with a +0 halberd.
You die...

#......<.>.[...##≈≈.....
......#.###(...#≈≈....≈≈
........###....#≈....≈⌠≈
..###.#.#......#≈....≈≈≈
........'.....''.....≈≈≈
...#..#.#......'.....≈≈≈
...#..#.#..g..##≈....≈≈≈
##..............#≈....≈⌠≈
....#...@.......#≈≈....≈≈
....#..#.g###.#.##≈≈.....
.......gg.###.#..##≈≈....
.......g..........##≈≈...
#####...#.#####..####≈≈..
#####..o### #..# ##≈≈≈
........#######..# #####
......g..........####.#..
.###...g...............<.


You could see 5 gnolls, an orc and a goblin.

Vanquished Creatures
  Sigmund (D:3)
  2 howler monkeys (D:3)
  A jelly (D:3)
  An iguana (D:3)
  Jessica (D:3)
  4 gnolls (D:3)
  An adder (D:3)
  9 orcs (D:3)
  5 bats
  3 endoplasms
  3 giant cockroaches (D:1)
  5 goblins
  3 hobgoblins
  16 jackals
  6 kobolds
  A quokka (D:1)
  2 frilled lizards (D:3)
  3 rats
67 creatures vanquished.

Notes
Turn   | Place    | Note
-------+----------+-------------------------------------------
     0 | D:1      | Bruhh the Draconian Transmuter began the quest for the Orb.
     0 | D:1      | Reached XP level 1. HP: 16/16 MP: 3/3
   363 | D:1      | Reached XP level 2. HP: 15/23 MP: 3/5
   871 | D:1      | Reached skill level 3 in Transmutations
   977 | D:2      | Found a faded altar of an unknown god.
  1182 | D:2      | Reached XP level 3. HP: 28/28 MP: 4/6
  1228 | D:2      | Learned a level 2 spell: Wereblood
  1232 | D:2      | Learned a level 3 spell: Spider Form
  1312 | D:2      | Identified the ring of Keihev {rF+ Slay+4}
  1815 | D:3      | Noticed Sigmund
  1831 | D:3      | Killed Sigmund
  1832 | D:3      | Reached skill level 4 in Transmutations
  1832 | D:3      | Reached XP level 4. HP: 20/35 MP: 5/9
  1832 | D:3      | Reached XP level 5. HP: 22/40 MP: 5/10
  2037 | D:3      | Reached skill level 5 in Transmutations
  2123 | D:3      | Reached XP level 6. HP: 38/47 MP: 11/11
  2480 | D:3      | Noticed Jessica
  2484 | D:3      | Killed Jessica
  2787 | D:3      | Reached skill level 6 in Transmutations
  2880 | D:3      | HP: 2/47 [gnoll/+0 whip (5)]
  2880 | D:3      | Slain by a gnoll

Illustrated notes

Levels and vault maps discovered:
D:1:      ebering_hopf_link, layout_basic, hex_tiny, chequers_avenue,
          minmay_misc_feat_nine_boxes
D:2:      layout_basic, basic_ecumenical_altar, serial_park_tiny_2
D:3:      lemuel_castle_with_subvaults [lemuel_castle_interior_carwin_1],
          layout_basic, hangedman_ru_absence, columned_hall_lemuel,
          kennysheep_big_empty_room, uniq_sigmund, uniq_jessica

Skill      XL: |  1  2  3  4  5  6 |
---------------+-------------------+-----
Transmutations | 3 4 5 6 |  6.0
Spellcasting   | 3 4 |  4.0
Fighting       | |  1.1
Dodging        | |  1.7
Unarmed Combat | |  3.3

Action                   |  1- 3 |  4- 6 || total
-------------------------+-------+-------++-------
Melee: Unarmed           |    39 |     2 ||    41
       Kick              |     6 |    12 ||    18
       Headbutt          |     5 |    11 ||    16
       Tailslap          |     3 |     8 ||    11
       Dagger            |    34 |   103 ||   137
       Punch             |       |     1 ||     1
 Cast: Beastly Appendage |    16 |    15 ||    31
       Spider Form       |     1 |       ||     1
Armor: Skin              |    27 |    31 ||    58
Dodge: Dodged            |    54 |    83 ||   137
